 Dungeon Crawl Stone Soup version 0.27.0-1-g7a089689b8 (webtiles) character file.

Game seed: 8775144881177538758

591 gimp the Skirmisher (level 7, -3/61 HPs)
             Began as a Merfolk Necromancer on Aug 8, 2021.
             Slain by an ogre (7 damage)
             ... on level 4 of the Dungeon.
             The game lasted 00:10:03 (8366 turns).

gimp the Skirmisher (Merfolk Necromancer)           Turns: 8366, Time: 00:10:04

Health: -3/61      AC:  3    Str: 10    XL:     7   Next: 39%
Magic:  6/10       EV: 12    Int: 15    God:
Gold:   149        SH:  0    Dex: 14    Spells: 9/10 levels left

rFire    . . .     SeeInvis .   b - +0 quarterstaff
rCold    . . .     Faith    .   (shield currently unavailable)
rNeg     + . .     Spirit   .   l - +0 robe
rPois    .         Reflect  .   (no helmet)
rElec    .         Harm     .   d - +0 cloak
rCorr    .         Rampage  .   (no gloves)
Will     .....                  (no boots)
Stlth    ++........             (no amulet)
HPRegen  0.20/turn              i - ring of positive energy
MPRegen  0.12/turn              (no ring)

@: no status effects
A: (nimble swimmer 2), mertail
a: no special abilities


You were on level 4 of the Dungeon.
You visited 2 branches of the dungeon, and saw 6 of its levels.

You collected 149 gold pieces.

Inventory:

Hand Weapons
 a - a +0 hand axe
 b - a +0 quarterstaff (weapon)
Armour
 d - a +0 cloak (worn)
 l - a +0 robe (worn)
Jewellery
 i - a ring of positive energy (left hand)
Scrolls
 c - 3 scrolls of identify {unknown}
 e - a scroll of amnesia {unknown}
 f - a scroll of vulnerability {unknown}
 j - a scroll of magic mapping {unknown}
 k - 2 scrolls of enchant armour {unknown}
 n - 2 scrolls of noise {unknown}
 o - a scroll of fear {unknown}
 p - a scroll of fog {unknown}
 q - 2 scrolls of blinking {unknown}


   Skills:
 + Level 7.9 Fighting
 * Level 1.7 Axes
 - Level 2.6 Dodging
 - Level 2.1 Stealth
 - Level 2.0 Spellcasting
 - Level 3.2 Necromancy


You had 9 spell levels left.
You knew the following spells:

 Your Spells              Type           Power      Damage    Failure   Level
a - Pain                  Necr           44%        1d6       6%          1

Your spell library contained the following spells:

 Spells                   Type           Power      Damage    Failure   Level
 Animate Skeleton         Necr           22%        N/A       6%          1
 Vampiric Draining        Necr           5%         2d6       17%         3
 Animate Dead             Necr           5%         N/A       50%         4
 Agony                    Necr           11%        N/A       85%         5


Dungeon Overview and Level Annotations

Branches:
Dungeon (5/15)             Temple (1/1) D:4

Altars:
Ashenzari
Cheibriados
Fedhas
Kikubaaqudgha
Nemelex Xobeh
Qazlal
Ru
Uskayaw
Wu Jian
Xom
Yredelemnul

Shops:
D:3 :

Annotations:
D:3 2 runed translucent doors, Crazy Yiuf; TheOneDM's ghost, amateur GrFi


Innate Abilities, Weirdness & Mutations

((You are quick and stealthy near water. (Stealth+, EV+, Speed+++)))
Your lower body shifts to a powerful aquatic tail in water.


Message History

Aiming: Pain (safe; 6% risk of failure)
Press: ? - help, Shift-Dir - straight line, f/p - ogre
Aim: an ogre, wielding a +0 giant club (heavily wounded, chance to affect: 66%)
The ogre struggles to resist.
You take 1 damage, and have 56/61 hp.
You now have 4/10 mp.
The ogre hits you with a +0 giant club!!
You climb upwards.
There is a stone staircase leading down here.
You take 23 damage, and have 33/61 hp.
MASSIVE DAMAGE!!
MP restored: 10
Casting: Pain (safe; 6% risk of failure)
Confirm with . or Enter, or press ? or * to list all spells.
Aiming: Pain (safe; 6% risk of failure)
Press: ? - help, Shift-Dir - straight line, f - ogre
Aim: an ogre, wielding a +0 giant club (lightly wounded, chance to affect: 66%)
The ogre struggles to resist.
The ogre hits you with a +0 giant club!
You take 11 damage, and have 31/61 hp.
You now have 9/10 mp.
Casting: Pain (safe; 6% risk of failure)
Confirm with . or Enter, or press ? or * to list all spells.
Aiming: Pain (safe; 6% risk of failure)
Press: ? - help, Shift-Dir - straight line, f/p - ogre
Aim: an ogre, wielding a +0 giant club (lightly wounded, chance to affect: 66%)
The ogre writhes in agony.
You take 1 damage, and have 30/61 hp.
You now have 8/10 mp.
Casting: Pain (safe; 6% risk of failure)
Confirm with . or Enter, or press ? or * to list all spells.
Aiming: Pain (safe; 6% risk of failure)
Press: ? - help, Shift-Dir - straight line, f/p - ogre
Aim: an ogre, wielding a +0 giant club (heavily wounded, chance to affect: 66%)
The ogre struggles to resist.
The ogre hits you with a +0 giant club!!
* * * LOW HITPOINT WARNING * * *
You take 25 damage, and have 5/61 hp.
MASSIVE DAMAGE!!
You now have 7/10 mp.
Casting: Pain (safe; 6% risk of failure)
Confirm with . or Enter, or press ? or * to list all spells.
Aiming: Pain (safe; 6% risk of failure)
Press: ? - help, Shift-Dir - straight line, f/p - ogre
Aim: an ogre, wielding a +0 giant club (moderately wounded, chance to affect: 66%)
The ogre writhes in agony.
The ogre hits you with a +0 giant club!
You die...

##.# #.# #.(.....#
...# #.# #.......#
#### #.# ###...###
######.####### #...#
#............# ##.##
#.####.#####.# #.#
#.# #..# #.# #.# #.#
##.# #O####.# #.#
#.# #@#....# #.# #.#
#......##
#.#####.####.......#
#.......>..........#
#######.####.......#
#.# ##.....## #.#
##...## #.# ##.##
#.# ### #.#


You could see an ogre.

Vanquished Creatures
  An ogre (D:4)
  2 scorpions
  A bullfrog zombie (D:5)
  A gnoll shaman (D:3)
  A hound (D:5)
  3 iguanas
  A howler monkey skeleton (D:4)
  8 gnolls
  5 adders
  An adder skeleton (D:4)
  A worm (D:3)
  A dart slug (D:1)
  6 orcs
  5 bats
  6 endoplasms
  2 giant cockroaches
  8 goblins
  10 hobgoblins
  8 jackals
  3 kobolds
  4 quokkas
  8 ball pythons
  2 frilled lizards
  3 rats
91 creatures vanquished.

Vanquished Creatures (others)
  A human (D:4)
  2 withered plants (D:3)
3 creatures vanquished.

Grand Total: 94 creatures vanquished

Notes
Turn   | Place    | Note
-------+----------+-------------------------------------------
     0 | D:1      | gimp the Merfolk Necromancer began the quest for the Orb.
     0 | D:1      | Reached XP level 1. HP: 13/13 MP: 3/3
    87 | D:1      | Reached skill level 1 in Fighting
   273 | D:1      | Reached XP level 2. HP: 18/22 MP: 0/5
   676 | D:1      | Reached skill level 2 in Fighting
  1010 | D:1      | Reached XP level 3. HP: 24/28 MP: 0/6
  1089 | D:1      | Reached skill level 3 in Fighting
  2319 | D:2      | Reached XP level 4. HP: 29/37 MP: 0/7
  2530 | D:2      | Reached skill level 4 in Fighting
  3020 | D:3      | Found a runed translucent door.
  3021 | D:3      | Noticed Crazy Yiuf
  3345 | D:3      | Found a runed translucent door.
  3349 | D:3      | Noticed TheOneDM's ghost (amateur GrFi)
  4051 | D:2      | Reached skill level 5 in Fighting
  4051 | D:2      | Reached XP level 5. HP: 1/44 MP: 1/8
  4672 | D:3      | Found a faded altar of an unknown god.
  4857 | D:3      | Found Taonunok's Book Boutique.
  5200 | D:4      | Reached skill level 6 in Fighting
  5200 | D:4      | Reached XP level 6. HP: 12/52 MP: 0/9
  5747 | D:4      | Found an ancient bone altar of Kikubaaqudgha.
  5747 | D:4      | Noticed a human
  5752 | D:4      | Killed a human
  5833 | D:4      | Found a staircase to the Ecumenical Temple.
  5864 | Temple   | Entered the Ecumenical Temple
  6483 | D:4      | Reached skill level 7 in Fighting
  7524 | D:5      | Entered Level 5 of the Dungeon
  7530 | D:5      | Reached XP level 7. HP: 56/60 MP: 4/10
  7646 | D:5      | Reached skill level 1 in Axes
  8366 | D:4      | Slain by an ogre

Illustrated notes

Levels and vault maps discovered:
D:1:      saegor_arrival_simple_b, layout_basic, minmay_misc_feat_chi
D:2:      layout_basic
D:3:      layout_basic, dreamdust_ecumenical_altar_angels_and_demons,
          serial_shops, nicolae_shop_crystal, gammafunk_ghost_grave,
          uniq_crazy_yiuf_cottage
D:4:      layout_loops_ring, tgw_kikubaaqudgha,
          minmay_temple_entry_statues_pillars, chequers_serial_rivers_micro_c
D:5:      layout_rooms, makhleb_grotto_becter,
          mainiacjoe_overflow_small_starburst
Temple:   jpeg_temple_alley_garden

Skill      XL: |  1  2  3  4  5  6  7 |
---------------+----------------------+-----
Fighting       | 1 2 3 5 6 7 |  7.9
Axes           | 1 |  1.7
Dodging        | |  2.6
Stealth        | |  2.1
Spellcasting   | |  2.0
Necromancy     | |  3.2

Action                   |  1- 3 |  4- 6 |  7- 9 || total
-------------------------+-------+-------+-------++-------
Melee: Quarterstaff      |    18 |    21 |    13 ||    52
       Hand axe          |       |       |     5 ||     5
 Cast: Pain              |    83 |   193 |    28 ||   304
  Use: Potion            |       |     2 |     1 ||     3
       Scroll            |       |       |     3 ||     3
Armor: Robe              |    12 |    15 |     6 ||    33
Dodge: Dodged            |    30 |    71 |    22 ||   123
